 Dungeon Crawl Stone Soup version 0.30.1-9-gdf580d7c3d (webtiles) character file.

Game seed: 17270039004941072431

2365 Wiggles the Cleaver (level 9, -2/79 HPs)
             Began as a Minotaur Berserker on Oct 10, 2023.
             Was a Priest of Trog.
             Slain by a killer bee (4 damage)
             ... on level 6 of the Dungeon.
             The game lasted 00:07:43 (4996 turns).

Wiggles the Cleaver (Minotaur Berserker)            Turns: 4996, Time: 00:07:44

Health: -2/79      AC: 14    Str: 26    XL:     9   Next: 21%
Magic:  8/8        EV:  8    Int:  4    God:    Trog [***...]
Gold:   298        SH:  0    Dex: 10    Spells: 8/8 levels left

rFire   . . .        u - +0 war axe
rCold   . . .        (no shield)
rNeg    . . .        w - +0 plate armour
rPois   .            (helmet restricted)
rElec   .            (no cloak)
rCorr   .            b - +0 pair of gloves
SInv    .            (no boots)
Will    .....        (no amulet) Stlth
                     (no ring)
HPRegen 0.33/turn    (no ring)
MPRegen 0.11/turn

%: no passive effects
@: lethally poisoned (-2 -> -5)
A: horns 2, retaliatory headbutt
a: Renounce Religion, Berserk, Trog's Hand


You were on level 6 of the Dungeon.
You worshipped Trog.
Trog was most pleased with you.
You visited 1 branch of the dungeon, and saw 6 of its levels.
You also visited: Ossuary.

You collected 340 gold pieces.
You spent 42 gold pieces at shops.

Inventory:

Hand Weapons
 u - a +0 war axe (weapon)
Armour
 b - a +0 pair of gloves (worn)
 w - a +0 plate armour (worn)
Jewellery
 n - a ring of fire
Scrolls
 c - 3 scrolls of amnesia {unknown}
 d - 4 scrolls of fog {unknown}
 f - 14 scrolls of identify {unknown}
 i - a scroll of magic mapping {unknown}
 k - a scroll of blinking {unknown}
 m - a scroll of enchant weapon {unknown}
 o - a scroll of poison {unknown}
 p - a scroll of noise {unknown}
 q - 4 scrolls of teleportation {unknown}
 t - a scroll of vulnerability {unknown}
 v - 2 scrolls of fear {unknown}
 y - 2 scrolls of acquirement {unknown}
 z - 3 scrolls of enchant armour {unknown}
 B - 2 scrolls of immolation {unknown}
 C - a scroll of summoning {unknown}
Potions
 a - 3 potions of curing {unknown}
 e - 2 potions of lignification
 g - a potion of magic {unknown}
 h - 2 potions of flight
 j - 2 potions of cancellation
 l - 2 potions of brilliance {unknown}
 r - 3 potions of heal wounds {unknown}
 s - 3 potions of degeneration {unknown}
 x - a potion of haste {unknown}
 A - a potion of mutation {unknown}


   Skills:
 + Level 7.0 Fighting
 + Level 11.4 Axes
 + Level 7.8 Armour
 + Level 2.9 Dodging
 + Level 1.3 Stealth


You had 8 spell levels left.
You didn't know any spells.
Your spell library was empty.

Dungeon Overview and Level Annotations

Branches:
Dungeon (6/15)            Ossuary (visited)
 Temple: D:4-7

Altars:
Cheibriados
Kikubaaqudgha
Okawaru
Vehumet
Xom

Shops:
D:3 [   D:4 (


Innate Abilities, Weirdness & Mutations

You have a pair of horns on your head.
You reflexively headbutt those who attack you in melee.


Message History

* * * LOW HITPOINT WARNING * * *
You feel very sick.
The killer bee stings you but does no damage. x2
You barely miss the killer bee.
The killer bee is lightly wounded.
* * * LOW HITPOINT WARNING * * *
You feel very sick.
The killer bee stings you but does no damage. x2
You miss the killer bee.
The killer bee is lightly wounded.
* * * LOW HITPOINT WARNING * * *
You feel very sick.
The killer bee stings you but does no damage.
The killer bee stings you.
* * * LOW HITPOINT WARNING * * *
You closely miss the killer bee. Your headbutt misses the killer bee.
The killer bee is lightly wounded.
* * * LOW HITPOINT WARNING * * *
You feel sick.
The killer bee stings you but does no damage.
It was a potion of lignification.
You turn into a tree.
Your +0 pair of gloves melds into your body.
Your +0 plate armour melds into your body.
Your roots penetrate the ground.
* * * LOW HITPOINT WARNING * * *
You feel sick.
The killer bee stings you but does no damage.
The killer bee barely misses you.
It was a potion of flight.
Your roots keep you in place.
You feel sick.
The killer bee stings you but does no damage. x2
It was a potion of cancellation.
Your magical effects are unravelling.
You feel magically purged.
You feel less wooden.
Your +0 pair of gloves unmelds from your body.
Your +0 plate armour unmelds from your body.
* * * LOW HITPOINT WARNING * * *
You feel sick. The killer bee barely misses you. You furiously retaliate!
You headbutt the killer bee. The killer bee stings you.
You die...

#.....## .#.##
#......#
#..........# .....
#......#
..........# ...##
##......###
.........
..........# .......
..## ..........#
..... #...
..........# .y.
#.## ...†......#
#y# #...
..........#
##@################
..........#
#.................#
####.######
#..##############.#
#.#
#..................
#.#
#...#.###########.#
####.# #.<...#####
#... .....#
#.#.......# ####
###### #.#######.#
#.# #.#


You could see 2 killer bees.

Vanquished Creatures
  The ghost of WaxSun the Cleaver, a novice FoCK of Xom (D:5)
  The ghost of Fractals the Conjurer, an amateur TeRe (D:4)
  A water moccasin (D:5)
  An ice beast (D:6)
  A sky beast (D:5)
  2 elf zombies (Ossuary)
  5 scorpions
  3 wights (D:6)
  3 killer bees (D:6)
  A howler monkey (D:6)
  3 hounds
  A jelly (D:6)
  An orc priest (D:5)
  A human zombie (Ossuary)
  A sleepcap (D:5)
  Jessica (D:2)
  4 iguanas
  An orc wizard (D:5)
  5 mummies
  4 gnolls (D:2)
  7 adders
  2 white imps
  An adder zombie (Ossuary)
  2 worms
  4 dart slugs
  5 orcs
  6 giant cockroaches
  A gnoll zombie (Ossuary)
  5 goblins
  7 hobgoblins
  A jackal (D:4)
  4 quokkas
  4 ball pythons
  4 bats
  2 frilled lizards
  A goblin zombie (Ossuary)
  7 kobolds
  2 kobold zombies (Ossuary)
  2 orc zombies (Ossuary)
  3 rats
  2 rat zombies (Ossuary)
113 creatures vanquished.

Vanquished Creatures (others)
  An ogre (D:5)
  A bullfrog (D:5)
  A hound (D:5)
  An iguana (D:5)
  2 ufetubi (D:5)
  An orc (D:5)
  A quokka (D:5)
8 creatures vanquished.

Grand Total: 121 creatures vanquished

Notes
Turn   | Place    | Note
-------+----------+-------------------------------------------
     0 | D:1      | Wiggles the Minotaur Berserker began the quest for the Orb.
     0 | D:1      | Reached XP level 1. HP: 19/19 MP: 0/0
   154 | D:1      | Reached skill level 4 in Axes
   204 | D:1      | Reached XP level 2. HP: 27/27 MP: 1/1
   901 | D:2      | Reached XP level 3. HP: 33/33 MP: 2/2
  1191 | D:2      | Noticed Jessica
  1198 | D:2      | Killed Jessica
  1199 | D:2      | Reached skill level 5 in Axes
  1199 | D:2      | Reached XP level 4. HP: 41/41 MP: 3/3
  1701 | D:3      | Found Issell's Antique Armour Shop.
  1861 | D:3      | Reached XP level 5. HP: 47/47 MP: 4/4
  1923 | D:3      | Reached ** piety under Trog
  2188 | D:4      | Found an ancient bone altar of Kikubaaqudgha.
  2249 | D:4      | Found Itijav's Weapon Boutique.
  2259 | D:4      | Bought a +0 war axe for 42 gold pieces
  2270 | D:4      | Found a radiant altar of Vehumet.
  2491 | D:4      | Found a runed translucent gate.
  2497 | D:4      | Found a runed translucent gate.
  2497 | D:4      | Noticed Fractals's ghost (amateur TeRe)
  2507 | D:4      | Found a runed translucent gate.
  2559 | D:4      | Reached skill level 6 in Axes
  2563 | D:4      | Found a sand-covered staircase.
  2597 | Ossuary  | Entered an ossuary
  2607 | Ossuary  | Reached XP level 6. HP: 55/55 MP: 5/5
  2614 | Ossuary  | Reached skill level 5 in Fighting
  2636 | Ossuary  | Reached skill level 7 in Axes
  2774 | Ossuary  | Reached skill level 5 in Armour
  2904 | D:4      | Reached XP level 7. HP: 50/61 MP: 6/6
  3383 | D:4      | Killed Fractals's ghost
  3431 | D:5      | Entered Level 5 of the Dungeon
  3708 | D:5      | Reached skill level 8 in Axes
  3772 | D:5      | Reached *** piety under Trog
  3903 | D:5      | Reached XP level 8. HP: 43/70 MP: 7/7
  3962 | D:5      | Reached skill level 9 in Axes
  4030 | D:5      | Found a shimmering altar of Xom.
  4116 | D:5      | Reached skill level 1 in Stealth
  4267 | D:5      | Found an iron altar of Okawaru.
  4267 | D:5      | Found a snail-covered altar of Cheibriados.
  4298 | D:5      | Found a runed translucent gate.
  4299 | D:5      | Found a runed translucent gate.
  4299 | D:5      | Found a runed translucent gate.
  4300 | D:5      | Noticed WaxSun's ghost (novice FoCK)
  4316 | D:5      | Killed WaxSun's ghost
  4317 | D:5      | Reached skill level 10 in Axes
  4563 | D:6      | Reached skill level 11 in Axes
  4563 | D:6      | Reached XP level 9. HP: 78/78 MP: 8/8
  4996 | D:6      | HP: 2/79 [poisoned by a killer bee]
  4996 | D:6      | Slain by a killer bee

Illustrated notes

Levels and vault maps discovered:
D:1:      co_arrival_square_in_a_square_in_a_square, layout_basic, hex_large,
          hangedman_decor_growths
D:2:      layout_basic, minmay_misc_feat_rugged, uniq_jessica
D:3:      layout_loops_cross, serial_shops, shop, minmay_door_square
D:4:      layout_basic, mainiacjoe_overflow_brackets,
          mainiacjoe_overflow_catwalk, gup_ossuary_entry_pyramid,
          gammafunk_ghost_split, serial_shops, nicolae_shop_statue_plus,
          serial_bayou_lagoon_b
D:5:      layout_gridville, mainiacjoe_overflow_divided_tiny,
          xom_confusion_cloud, ebering_ghost_rock_garden
D:6:      layout_basic, chequers_jeans

Skill      XL: |  1  2  3  4  5  6  7  8  9 |
---------------+----------------------------+-----
Axes           | 4 5 6 7 8 11 | 11.4
Fighting       | 4 5 6 7 |  7.0
Armour         | 3 4 5 6 7 |  7.8
Stealth        | 1 |  1.3
Dodging        | |  2.9

Action                     |  1- 3 |  4- 6 |  7- 9 || total
---------------------------+-------+-------+-------++-------
  Melee: Hand axe          |    63 |    68 |       ||   131
         Headbutt          |    12 |    24 |    22 ||    58
         Punch             |     1 |     1 |     3 ||     5
         War axe           |       |    56 |   149 ||   205
 Invoke: Berserk           |     2 |     1 |     3 ||     6
    Use: Potion            |       |       |     3 ||     3
 Armour: Animal skin       |    10 |       |       ||    10
         Chain mail        |    30 |    54 |       ||    84
         Plate armour      |       |    32 |    98 ||   130
         Skin              |       |       |     3 ||     3
  Dodge: Dodged            |    41 |    51 |    62 ||   154
